 Dungeon Crawl Stone Soup version 0.18.1-50-g88ac8fd (webtiles) character file.

232 Suttyogo the Firebug (level 5, 0/38 HPs)
             Began as a Demigod Fire Elementalist on Oct 21, 2016.
             Slain by an ogre
             ... wielding a +0 giant club
              (17 damage)
             ... on level 4 of the Dungeon on Oct 24, 2016.
             The game lasted 00:23:35 (4103 turns).

Suttyogo the Firebug (Demigod Fire Elementalist)    Turns: 4103, Time: 00:23:36

Health: 0/38       AC:  4    Str: 11    XL:     5   Next: 45%
Magic:  11/12      EV: 12    Int: 21    God:
Gold:   122        SH:  0    Dex: 16    Spells: 3 memorised, 3 levels left

rFire  . . .     SeeInvis .     h - +0 hunting sling
rCold  . . .     Gourm    .     a - +0 robe
rNeg   . . .     Faith    .     (no shield)
rPois  .         Spirit   .     (no helmet)
rElec  .         Dismiss  .     (no cloak)
rCorr  .         Reflect  .     w - +1 pair of gloves
SustAt +         Harm     .     (no boots)
MR     +....                    r - amulet of regeneration
Stlth  +++.......               o - ring of stealth
                                l - ring of protection from magic

@: somewhat resistant to hostile enchantments, fairly stealthy
A: high mp 1, sustain attributes
a: no special abilities


You were on level 4 of the Dungeon.
You were not hungry.

You visited 1 branch of the dungeon, and saw 4 of its levels.

You collected 122 gold pieces.

Inventory:

Hand Weapons
 h - a +0 hunting sling (weapon)
Missiles
 A - 32 sling bullets (quivered)
Armour
 a - a +0 robe (worn)
 w - a +1 pair of gloves (worn)
Jewellery
 g - an uncursed amulet of rage
 l - a ring of protection from magic (left hand)
 o - a ring of stealth (right hand)
 r - an amulet of regeneration (around neck)
Scrolls
 d - a scroll of teleportation
 e - 6 scrolls of identify
 j - 2 scrolls of random uselessness {unknown}
 n - 2 scrolls of recharging {unknown}
 q - a scroll of magic mapping {unknown}
 s - a scroll of amnesia {unknown}
 y - a scroll of immolation {unknown}
Potions
 k - a potion of flight {unknown}
 m - a potion of curing {unknown}
 p - 2 potions of invisibility {unknown}
 t - a potion of agility {unknown}
 v - a potion of heal wounds {unknown}
 x - a potion of lignification {unknown}
Books
 b - a book of Flames

   Spells                             Type                      Level
   a - Flame Tongue                   Conjuration/Fire             1
   b - Throw Flame                    Conjuration/Fire             2
   c - Conjure Flame                  Conjuration/Fire             3
   d - Inner Flame                    Hexes/Fire                   3
   e - Sticky Flame                   Conjuration/Fire             4
   f - Fireball                       Conjuration/Fire             5
Comestibles
 c - 3 bread rations
 f - 2 beef jerkies
 i - 4 meat rations
 u - a royal jelly
 z - 8 chunks of flesh


   Skills:
 + Level 0.1 Fighting
 + Level 2.0 Dodging
 - Level 1.8 Stealth
 + Level 2.9 Spellcasting
 * Level 2.9 Conjurations
 * Level 4.1 Fire Magic


You had 3 spell levels left.
You knew the following spells:

 Your Spells              Type           Power        Failure   Level  Hunger
a - Flame Tongue          Conj/Fire      ###..        3%          1    None
b - Throw Flame           Conj/Fire      ###...       6%          2    ##.....
c - Conjure Flame         Conj/Fire      ###.....     12%         3    ###....


Dungeon Overview and Level Annotations

Branches:
Dungeon (4/15)
 Temple: D:4-7

Annotations:
D:3 Unysa's ghost, amateur SpAs


Innate Abilities, Weirdness & Mutations

You have an increased reservoir of magic (+10% MP).
Your attributes are resistant to harm.


Message History

Casting: Flame Tongue
Confirm with . or Enter, or press ? or * to list all spells.
Aiming: Flame Tongue
Press: ? - help, Shift-Dir - straight line, f/p - ogre
Aim: an ogre, wielding a giant club (lightly wounded)
The flame tongue hits the ogre.
The ogre is moderately wounded.
The ogre barely misses you.
Casting: Flame Tongue
Confirm with . or Enter, or press ? or * to list all spells.
Aiming: Flame Tongue
Press: ? - help, Shift-Dir - straight line, f/p - ogre
Aim: an ogre, wielding a giant club (moderately wounded)
The flame tongue hits the ogre.
The ogre is moderately wounded.
The ogre hits you with a giant club!!
Ouch! That really hurt!
* * * LOW HITPOINT WARNING * * *
The ogre hits you with a giant club!
You die...

.... #.# ...#.# #####.#.#
#....<..# #.#####)# #
#.....# # #.###.# #
#...#.###################
###.#.#.@........).......
.#.#O#################
.#.#.##########>..####
.#.#.#................
.#...#.########.#.####
.#####............#
#####....######.#).#
#.....#.#.....#.#..#
#.#####.#....[.....#


You could see an ogre.

Vanquished Creatures
  An orc priest (D:4)
  2 orc wizards
  8 adders
  2 worms
  A dart slug (D:2)
  2 giant geckos (D:1)
  4 orcs
  2 ball pythons (D:3)
  2 giant cockroaches
  5 goblins
  10 hobgoblins
  2 jackals (D:4)
  6 bats
  5 giant newts
  7 kobolds
  10 rats
69 creatures vanquished.

Notes
Turn   | Place    | Note
--------------------------------------------------------------
     0 | D:1      | Suttyogo the Demigod Fire Elementalist began the quest for the Orb.
     0 | D:1      | Reached XP level 1. HP: 14/14 MP: 5/5
   198 | D:1      | Reached skill level 3 in Fire Magic
   333 | D:1      | Reached XP level 2. HP: 19/20 MP: 0/7
   337 | D:1      | Learned a level 2 spell: Throw Flame
   470 | D:1      | Reached skill level 1 in Conjurations
  1185 | D:2      | Reached XP level 3. HP: 26/26 MP: 4/8
  2211 | D:2      | Reached XP level 4. HP: 33/33 MP: 6/10
  2296 | D:2      | Learned a level 3 spell: Conjure Flame
  2582 | D:3      | Noticed Unysa's ghost (amateur SpAs)
  2582 | D:3      | Found a radiant altar of Vehumet.
  2690 | D:3      | Found a roughly hewn altar of Beogh.
  3294 | D:3      | Found a glowing drain.
  3586 | D:3      | Found an ancient bone altar of Kikubaaqudgha.
  3878 | D:4      | Reached skill level 4 in Fire Magic
  3878 | D:4      | Reached XP level 5. HP: 38/38 MP: 3/12
  4080 | D:4      | Noticed an ogre
  4103 | D:4      | Slain by an ogre

Skill      XL: |  1  2  3  4 |
---------------+-------------+-----
Dodging        | 2 |  2.0
Fire Magic     | 3 4 |  4.1
Conjurations   | 1 2 |  2.9
Spellcasting   | 2 |  2.9
Fighting       | |  0.1
Stealth        | |  1.8

Action                   |  1- 3 |  4- 6 || total
-------------------------+-------+-------++-------
Melee: Unarmed           |     1 |       ||     1
 Cast: Flame Tongue      |    92 |    58 ||   150
       Throw Flame       |    12 |    21 ||    33
       Conjure Flame     |       |     2 ||     2
  Use: Scroll            |       |     2 ||     2
  Eat: Chunk             |     2 |     6 ||     8
       Bread ration      |     1 |       ||     1
Armor: Robe              |     9 |    14 ||    23
Dodge: Dodged            |    30 |    28 ||    58
